Oilers vs Flames

Created - 13 mars 2018 at 15:55

Goals
1 2 3 T
Oilers 3 0 1 4
Flames 1 2 2 5
Shots
1 2 3 T
Oilers 10 11 17 38
Flames 11 17 7 35

1st period

1. Oilers , Marian Hossa 39 (Daniel Sedin 37, Tom Gilbert 52) at 7:35
2. Oilers , Joe Thornton 30 (Jack Hillen 2, Alex Burrows 29) at 11:22
3. Flames , Jonathan Toews 42 (Alexander Steen 42, Gilbert Brule 31) at 12:50
4. Oilers , Andrej Sekera 14 (Scott Glennie 36, Justin Abdelkader 19) at 18:20

Penalties :
Marian Hossa (EDM) for Cross-checking (Minor) at 2:23, Derek Stepan (CGY) for Interference (Minor) at 13:41, Alex Burrows (EDM) for Interference (Minor) at 13:41

2nd period

5. Flames , Brad Richards 19 (Mike Green 43, Kris Letang 53) at 3:08
6. Flames , Brad Richards 20 (Joe Pavelski 34, Evgeni Malkin 37) at 3:18

Penalties :
Marian Hossa (EDM) for Holding (Minor) at 1:04, Cody Ceci (EDM) for Holding (Minor) at 3:29, Marian Hossa (EDM) for Elbowing (Minor) at 6:31, Brian Sipotz (EDM) for Hooking (Minor) at 18:26, Cody Ceci (EDM) for Interference (Minor) at 18:45

3rd period

7. Flames , Alex Pietrangelo 12 (Oliver Ekman-Larsson 34) at 14:14
8. Flames , Mark Scheifele 23 (Aleksander Barkov 22, Derek Stepan 16) at 14:53
9. Oilers , Justin Abdelkader 15 (Cody Ceci 16, Scott Glennie 37) at 18:21

Penalties :
Kris Letang (CGY) for Holding (Minor) at 8:23, Marian Hossa (EDM) for Hooking (Minor) at 8:23, Alex Pietrangelo (CGY) for Interference (Minor) at 15:55

Goalie Stats

Ben Bishop (EDM), 30 saves from 35 shots - (0,857), L, 38-21-4, 59:34 minutes
Braden Holtby (CGY), 34 saves from 38 shots - (0,895), W, 47-14-4, 60:00 minutes

Players Stats for Oilers

Player Name              G  A  P  +/- PIM S  H  SB GA TA FO     MP     PP MP  PK MP  
------------------------------------------------------------------------------------
Alex Burrows             0  1  1  -1  2   2  2  1  0  0  1/1    15:27   0:52   0:00 
Andrej Sekera            1  0  1   0  0   4  0  2  0  0  0/0    23:40   1:07   4:03 
Brian Sipotz             0  0  0   0  2   0  4  3  0  0  0/0    16:26   0:52   0:00 
Cody Ceci                0  1  1   2  4   0  5  0  0  0  0/0    22:11   0:00   3:18 
Daniel Sedin             0  1  1  -2  0   1  0  0  0  0  0/0    16:37   1:07   0:00 
Eric Fehr                0  0  0   2  0   5  1  0  0  0  24/36  17:18   0:00   4:51 
Jack Hillen              0  1  1  -3  0   0  0  1  0  0  0/0    11:44   0:00   1:21 
Joe Thornton             1  0  1  -1  0   3  0  1  0  0  17/29  15:28   0:52   0:00 
Jori Lehtera             0  0  0   0  0   0  0  0  0  0  7/17   10:37   0:00   5:23 
Justin Abdelkader        1  1  2   2  0   3  0  0  0  0  0/0    12:27   0:00   0:00 
Marian Hossa             1  0  1  -2  8   5  2  1  0  0  2/3    16:33   1:07   0:00 
Mark Arcobello           0  0  0   0  0   1  0  0  0  0  0/0     2:51   0:00   0:00 
Matt Kinch               0  0  0  -3  0   3  2  4  0  0  0/0    19:44   0:52   5:34 
Mike Hoffman             0  0  0   0  0   0  1  0  0  0  0/0     7:01   0:00   4:10 
Scott Glennie            0  2  2   2  0   3  1  0  0  0  2/2    17:39   0:00   4:24 
Tim Connolly             0  0  0  -1  0   4  0  0  0  0  0/0    15:28   0:52   0:00 
Tom Gilbert              0  1  1   2  0   1  0  2  0  0  0/0    26:12   1:07   6:11 
Vincent Lecavalier       0  0  0  -2  0   3  0  0  0  0  9/17   16:37   1:07   0:00 

Players Stats for Flames

Player Name              G  A  P  +/- PIM S  H  SB GA TA FO     MP     PP MP  PK MP  
------------------------------------------------------------------------------------
Adam Larsson             0  0  0   4  0   2  5  2  0  0  0/0    15:12   0:00   0:51 
Aleksander Barkov        0  1  1   0  0   1  0  0  0  0  6/19   16:41   0:00   1:13 
Alex Pietrangelo         1  0  1  -2  2   4  1  1  0  0  0/0    23:34   4:56   0:00 
Alexander Steen          0  1  1   1  0   3  0  0  0  0  3/6    21:41   5:18   0:00 
Brad Richards            2  0  2   0  0   5  0  0  0  0  11/22  18:50   4:56   0:00 
Brendan Ranford          0  0  0   0  0   0  0  0  0  0  0/0     0:00   0:00   0:00 
Derek Stepan             0  1  1   0  2   1  1  0  0  0  1/1    14:06   0:00   1:13 
Evgeni Malkin            0  1  1   0  0   4  4  0  0  0  4/11   21:34   4:56   0:00 
Gilbert Brule            0  1  1   1  0   3  1  0  0  0  0/1    14:25   0:00   0:46 
Jacob Trouba             0  0  0   4  0   1  1  0  0  0  0/0    14:10   0:00   1:08 
Joe Pavelski             0  1  1   0  0   3  0  0  0  0  1/2    20:52   4:56   0:00 
Jonathan Toews           1  0  1   1  0   3  2  0  0  0  16/40  21:47   5:18   0:00 
Kris Letang              0  1  1  -1  2   0  4  1  0  0  0/0    21:45   5:18   0:51 
Mark Scheifele           1  0  1   0  0   3  3  1  0  0  1/3    21:32   5:18   0:46 
Mike Green               0  1  1  -1  0   2  2  2  0  0  0/0    22:30   5:18   1:08 
Oliver Ekman-Larsson     0  1  1  -2  0   0  3  0  0  0  0/0    22:47   4:56   0:00 
Patrik Laine             0  0  0   0  0   0  0  0  0  0  0/0     2:34   0:00   0:00 
Tyler Randell            0  0  0   0  0   0  0  0  0  0  0/0     0:00   0:00   0:00 

3 Stars

1 - Brad Richards (CGY)
2 - Justin Abdelkader (EDM)
3 - Adam Larsson (CGY)

Power Play

Oilers - 0 on 1 Attempt(s) - 0,00%
Flames - 0 on 6 Attempt(s) - 0,00%

Penalty Kill

Oilers - 6 on 6 Attempt(s) - 100,00% - Score 0 goal in Penalty Kill
Flames - 1 on 1 Attempt(s) - 100,00% - Score 0 goal in Penalty Kill

Team Stat

Oilers - Hits : 18 - Faceoff Wins : 62 - Blocked Shots : 15 - Penalty Minutes : 16
Flames - Hits : 27 - Faceoff Wins : 43 - Blocked Shots : 7 - Penalty Minutes : 6

Official

Referees : Greg Kimmerly and Cameron Voss
Linesman : Steve Miller and Darren Gibbs

Game Notes

No Game Note

Finance

Level 1 -- Attendance: 5127 (78,88%) -- Ticket Income 640 875 $
Level 2 -- Attendance: 4262 (77,49%) -- Ticket Income 349 484 $
Level 3 -- Attendance: 1965 (78,60%) -- Ticket Income 98 250 $
Level 4 -- Attendance: 3306 (73,47%) -- Ticket Income 119 016 $
Luxury Box -- Attendance: 1092 (87,36%) -- Ticket Income 382 200 $
Game was played at the Pengrowth Saddledome.
Total Attendance: 15752 (77,79%)
Total Ticket Income: 1 589 825 $
Other Income: 779 014 $
Total Income: 2 368 839 $

Oilers

5 vs 5 Forward 
   Center                   Left Wing                Right Wing               Time % Phy DF OF 
 1 Joe Thornton             Tim Connolly             Alex Burrows             37     0   2  3  
 2 Vincent Lecavalier       Daniel Sedin             Marian Hossa             34     0   1  4  
 3 Eric Fehr                Justin Abdelkader        Scott Glennie            29     0   2  3  
 4 Jori Lehtera             Mike Hoffman             Mark Arcobello           0      0   3  2  

5 vs 5 Defense 
   Defense                  Defense                                           Time % Phy DF OF 
 1 Tom Gilbert              Cody Ceci                                         37     0   3  2  
 2 Andrej Sekera            Brian Sipotz                                      35     0   3  2  
 3 Jack Hillen              Matt Kinch                                        28     0   3  2  
 4 Tom Gilbert              Cody Ceci                                         0      0   3  2  

PowerPlay Forward 
   Center                   Left Wing                Right Wing               Time % Phy DF OF 
 1 Vincent Lecavalier       Daniel Sedin             Marian Hossa             50     0   0  5  
 2 Joe Thornton             Tim Connolly             Alex Burrows             50     0   0  5  

PowerPlay Defense
   Defense                  Defense                                           Time % Phy DF OF 
 1 Tom Gilbert              Andrej Sekera                                     50     0   0  5  
 2 Brian Sipotz             Matt Kinch                                        50     0   0  5  

Penalty Kill 4 Players Forward 
   Center                   Wing                     Time % Phy DF OF 
 1 Eric Fehr                Mike Hoffman             50     0   5  0  
 2 Jori Lehtera             Scott Glennie            50     0   5  0  

Penalty Kill 4 Players Defense
   Defense                  Defense                  Time % Phy DF OF 
 1 Cody Ceci                Tom Gilbert              50     0   5  0  
 2 Andrej Sekera            Matt Kinch               50     0   5  0  

Penalty Kill - 3 Players Forward 
   Forward                                           Time % Phy DF OF 
 1 Eric Fehr                                         50     0   5  0  
 2 Jori Lehtera                                      50     0   5  0  

Penalty Kill - 3 Players Defense
   Defense                  Defense                  Time % Phy DF OF 
 1 Cody Ceci                Tom Gilbert              50     0   5  0  
 2 Andrej Sekera            Matt Kinch               50     0   5  0  

4 vs 4 Forward 
   Center                   Wing                     Time % Phy DF OF 
 1 Eric Fehr                Justin Abdelkader        50     0   2  3  
 2 Jori Lehtera             Scott Glennie            50     0   2  3  

4 vs 4 Defense
   Defense                  Defense                  Time % Phy DF OF 
 1 Tom Gilbert              Cody Ceci                50     0   3  2  
 2 Andrej Sekera            Matt Kinch               50     0   3  2  

Last Minutes Offensive
   Center                   Left Wing                Right Wing               Defense                  Defense                  
   Vincent Lecavalier       Daniel Sedin             Marian Hossa             Tom Gilbert              Andrej Sekera            

Last Minutes Defensive
   Center                   Left Wing                Right Wing               Defense                  Defense                  
   Vincent Lecavalier       Tim Connolly             Alex Burrows             Tom Gilbert              Andrej Sekera            

Goaltenders
Starting : Ben Bishop               
Backup : Lars Johansson           

Extra Forwards
Normal : Joe Thornton, Marian Hossa, Tim Connolly - PP : Alex Burrows, Daniel Sedin - PK : Vincent Lecavalier
Extra Defensemen
Normal : Andrej Sekera, Tom Gilbert, Cody Ceci - PP : Brian Sipotz - PK : Matt Kinch, Jack Hillen
Penalty Shots
Daniel Sedin, Tim Connolly, Vincent Lecavalier, Alex Burrows, Marian Hossa
Custom OT Lines Forwards
Vincent Lecavalier, Daniel Sedin, Tim Connolly, Alex Burrows, Marian Hossa, Scott Glennie, Eric Fehr, Joe Thornton, Mark Arcobello, Mike Hoffman
Custom OT Lines Defensemen
Tom Gilbert, Andrej Sekera, Cody Ceci, Brian Sipotz, Jack Hillen

Scratches
None

Flames

5 vs 5 Forward 
   Center                   Left Wing                Right Wing               Time % Phy DF OF 
 1 Brad Richards            Joe Pavelski             Evgeni Malkin            34     0   2  3  
 2 Jonathan Toews           Alexander Steen          Gilbert Brule            34     0   1  4  
 3 Aleksander Barkov        Derek Stepan             Mark Scheifele           32     0   2  3  
 4 Aleksander Barkov        Patrik Laine             Mark Scheifele           0      0   3  2  

5 vs 5 Defense 
   Defense                  Defense                                           Time % Phy DF OF 
 1 Kris Letang              Mike Green                                        34     0   3  2  
 2 Alex Pietrangelo         Oliver Ekman-Larsson                              34     0   3  2  
 3 Jacob Trouba             Adam Larsson                                      32     0   4  1  
 4 Kris Letang              Adam Larsson                                      0      1   2  2  

PowerPlay Forward 
   Center                   Left Wing                Right Wing               Time % Phy DF OF 
 1 Evgeni Malkin            Brad Richards            Joe Pavelski             50     0   0  5  
 2 Jonathan Toews           Alexander Steen          Mark Scheifele           50     0   0  5  

PowerPlay Defense
   Defense                  Defense                                           Time % Phy DF OF 
 1 Mike Green               Kris Letang                                       50     0   2  3  
 2 Oliver Ekman-Larsson     Alex Pietrangelo                                  50     0   2  3  

Penalty Kill 4 Players Forward 
   Center                   Wing                     Time % Phy DF OF 
 1 Aleksander Barkov        Derek Stepan             55     0   4  1  
 2 Mark Scheifele           Gilbert Brule            45     0   4  1  

Penalty Kill 4 Players Defense
   Defense                  Defense                  Time % Phy DF OF 
 1 Adam Larsson             Kris Letang              50     1   4  0  
 2 Alex Pietrangelo         Jacob Trouba             50     1   4  0  

Penalty Kill - 3 Players Forward 
   Forward                                           Time % Phy DF OF 
 1 Aleksander Barkov                                 55     0   4  1  
 2 Derek Stepan                                      45     0   4  1  

Penalty Kill - 3 Players Defense
   Defense                  Defense                  Time % Phy DF OF 
 1 Jacob Trouba             Mike Green               55     1   4  0  
 2 Adam Larsson             Alex Pietrangelo         45     1   4  0  

4 vs 4 Forward 
   Center                   Wing                     Time % Phy DF OF 
 1 Alexander Steen          Evgeni Malkin            50     1   2  2  
 2 Jonathan Toews           Joe Pavelski             50     1   2  2  

4 vs 4 Defense
   Defense                  Defense                  Time % Phy DF OF 
 1 Mike Green               Kris Letang              50     0   2  3  
 2 Alex Pietrangelo         Oliver Ekman-Larsson     50     0   2  3  

Last Minutes Offensive
   Center                   Left Wing                Right Wing               Defense                  Defense                  
   Evgeni Malkin            Joe Pavelski             Alexander Steen          Alex Pietrangelo         Kris Letang              

Last Minutes Defensive
   Center                   Left Wing                Right Wing               Defense                  Defense                  
   Jonathan Toews           Alexander Steen          Evgeni Malkin            Alex Pietrangelo         Kris Letang              

Goaltenders
Starting : Braden Holtby            
Backup : Michael Leighton         

Extra Forwards
Normal : Evgeni Malkin, Jonathan Toews, Gilbert Brule - PP : Joe Pavelski, Jonathan Toews - PK : Alexander Steen
Extra Defensemen
Normal : Adam Larsson, Kris Letang, Mike Green - PP : Jacob Trouba - PK : Jacob Trouba, Mike Green
Penalty Shots
Evgeni Malkin, Gilbert Brule, Joe Pavelski, Jonathan Toews, Mike Green
Custom OT Lines Forwards
Jonathan Toews, Evgeni Malkin, Gilbert Brule, Joe Pavelski, Alexander Steen, Derek Stepan, Patrik Laine, Mark Scheifele, Aleksander Barkov, Brad Richards
Custom OT Lines Defensemen
Mike Green, Kris Letang, Oliver Ekman-Larsson, Alex Pietrangelo, Adam Larsson

Scratches
None


% Time on Ice - Oilers

Lines # - Real PCT - Wanted PCT - Time Play
Normal Forward
1 - 34% - 37% - 14:36
2 - 35% - 34% - 15:01
3 - 25% - 29% - 10:52
4 - 7% - 0% - 2:51
Normal Defense
1 - 40% - 37% - 17:22
2 - 36% - 35% - 15:35
3 - 24% - 28% - 10:23
4 - 0% - 0% - 0:00
PP Forward
1 - 56% - 50% - 1:07
2 - 44% - 50% - 0:52
PP Defense
1 - 56% - 50% - 1:07
2 - 44% - 50% - 0:52
PK Forward
1 - 49% - 50% - 4:10
2 - 51% - 50% - 4:24
PK Defense
1 - 58% - 50% - 4:56
2 - 42% - 50% - 3:38
PK3 Forward
1 - 41% - 50% - 0:41
2 - 59% - 50% - 0:59
PK3 Defense
1 - 85% - 50% - 1:25
2 - 15% - 50% - 0:15
44 Forward
1 - 40% - 50% - 1:35
2 - 60% - 50% - 2:23
44 Defense
1 - 26% - 50% - 1:03
2 - 74% - 50% - 2:55
Last Minute Offensive  - 0:29
Last Minute Defensive  - 0:00
Total
Forward - 60:00
Defense - 60:00

% Time on Ice - Flames

Lines # - Real PCT - Wanted PCT - Time Play
Normal Forward
1 - 32% - 34% - 13:54
2 - 32% - 34% - 13:39
3 - 30% - 32% - 12:54
4 - 6% - 0% - 2:34
Normal Defense
1 - 32% - 34% - 13:58
2 - 35% - 34% - 15:11
3 - 30% - 32% - 13:02
4 - 2% - 0% - 0:50
PP Forward
1 - 48% - 50% - 4:56
2 - 52% - 50% - 5:18
PP Defense
1 - 52% - 50% - 5:18
2 - 48% - 50% - 4:56
PK Forward
1 - 61% - 55% - 1:13
2 - 39% - 45% - 0:46
PK Defense
1 - 43% - 50% - 0:51
2 - 57% - 50% - 1:08
PK3 Forward
1 - 0% - 55%
2 - 0% - 45%
PK3 Defense
1 - 0% - 55%
2 - 0% - 45%
44 Forward
1 - 49% - 50% - 1:56
2 - 51% - 50% - 2:02
44 Defense
1 - 33% - 50% - 1:18
2 - 67% - 50% - 2:40
Last Minute Offensive  - 0:00
Last Minute Defensive  - 0:48
Total
Forward - 60:00
Defense - 60:00

Play by Play

1st period


0:01 of 1st period - Joe Thornton wins face-off versus Brad Richards in neutral zone.
0:17 of 1st period - Icing by Tom Gilbert.
0:18 of 1st period - Joe Thornton wins face-off versus Jonathan Toews in Oilers zone.
0:23 of 1st period - Oliver Ekman-Larsson is hit by Alex Burrows and loses puck.
0:42 of 1st period - Shot by Gilbert Brule.
0:42 of 1st period - Shot Misses the Net.
1:26 of 1st period - Shot by Mark Scheifele.
1:26 of 1st period - Shot Misses the Net.
1:28 of 1st period - Shot by Adam Larsson.
1:28 of 1st period - Stopped by Ben Bishop without a rebound.
1:29 of 1st period - Scott Glennie wins face-off versus Brad Richards in Oilers zone.
2:07 of 1st period - Shot by Evgeni Malkin.
2:07 of 1st period - Deflect By Brad Richards.
2:07 of 1st period - Shot Blocked by Matt Kinch.
2:12 of 1st period - Scott Glennie is hit by Mike Green and loses puck.
2:23 of 1st period - Minor Penalty to Marian Hossa for Cross-checking.
2:24 of 1st period - Jonathan Toews wins face-off versus Eric Fehr in Oilers zone.
2:25 of 1st period - Shot by Alex Pietrangelo.
2:25 of 1st period - Stopped by Ben Bishop without a rebound.
2:26 of 1st period - Jori Lehtera wins face-off versus Jonathan Toews in Oilers zone.
2:32 of 1st period - Icing by Oliver Ekman-Larsson.
2:33 of 1st period - Jori Lehtera wins face-off versus Jonathan Toews in Flames zone.
2:38 of 1st period - Shot by Scott Glennie.
2:38 of 1st period - Stopped by Braden Holtby without a rebound.
2:39 of 1st period - Jonathan Toews wins face-off versus Eric Fehr in Flames zone.
3:26 of 1st period - Icing by Mark Scheifele.
3:27 of 1st period - Eric Fehr wins face-off versus Jonathan Toews in Flames zone.
3:57 of 1st period - Shot by Mike Green.
3:57 of 1st period - Shot Misses the Net.
4:19 of 1st period - Shot by Mike Hoffman.
4:19 of 1st period - Deflect By Eric Fehr.
4:19 of 1st period - Stopped by Braden Holtby without a rebound.
4:20 of 1st period - Evgeni Malkin wins face-off versus Jori Lehtera in Flames zone.
4:46 of 1st period - Shot by Daniel Sedin.
4:46 of 1st period - Shot Blocked by Adam Larsson.
5:28 of 1st period - Off-side.
5:29 of 1st period - Eric Fehr wins face-off versus Jonathan Toews in neutral zone.
5:29 of 1st period - Eric Fehr is hit by Gilbert Brule.
5:38 of 1st period - Eric Fehr is hit by Alex Pietrangelo and loses puck.
5:44 of 1st period - Off-side.
5:45 of 1st period - Brad Richards wins face-off versus Joe Thornton in neutral zone.
6:05 of 1st period - Off-side.
6:06 of 1st period - Eric Fehr wins face-off versus Jonathan Toews in neutral zone.
6:06 of 1st period - Jack Hillen is hit by Jonathan Toews and loses puck.
6:19 of 1st period - Shot by Alexander Steen.
6:19 of 1st period - Stopped by Ben Bishop without a rebound.
6:20 of 1st period - Joe Thornton wins face-off versus Brad Richards in Oilers zone.
7:05 of 1st period - Shot by Alex Burrows.
7:05 of 1st period - Stopped by Braden Holtby with a rebound.
7:15 of 1st period - Kris Letang is hit by Marian Hossa and loses puck.
7:35 of 1st period - Shot by Marian Hossa.
7:35 of 1st period - Goal by Marian Hossa - Oilers : 1 - Flames : 0.
7:36 of 1st period - Eric Fehr wins face-off versus Jonathan Toews in neutral zone.
7:51 of 1st period - Shot by Gilbert Brule.
7:51 of 1st period - Stopped by Ben Bishop with a rebound.
7:53 of 1st period - Shot by Gilbert Brule.
7:53 of 1st period - Stopped by Ben Bishop without a rebound.
7:54 of 1st period - Vincent Lecavalier wins face-off versus Aleksander Barkov in Oilers zone.
7:56 of 1st period - Icing by Daniel Sedin.
7:57 of 1st period - Marian Hossa wins face-off versus Aleksander Barkov in Oilers zone.
7:57 of 1st period - Marian Hossa is hit by Mark Scheifele.
8:29 of 1st period - Shot by Mark Scheifele.
8:29 of 1st period - Shot Misses the Net.
8:31 of 1st period - Shot by Mark Scheifele.
8:31 of 1st period - Stopped by Ben Bishop without a rebound.
8:32 of 1st period - Scott Glennie wins face-off versus Jonathan Toews in Oilers zone.
8:51 of 1st period - Shot by Jonathan Toews.
8:51 of 1st period - Shot Blocked by Brian Sipotz.
9:02 of 1st period - Shot by Alexander Steen.
9:02 of 1st period - Stopped by Ben Bishop with a rebound.
9:08 of 1st period - Shot by Jonathan Toews.
9:08 of 1st period - Shot Misses the Net.
9:18 of 1st period - Shot by Alexander Steen.
9:18 of 1st period - Shot Blocked by Brian Sipotz.
10:28 of 1st period - Shot by Kris Letang.
10:28 of 1st period - Shot Misses the Net.
10:52 of 1st period - Shot by Joe Thornton.
10:52 of 1st period - Shot Misses the Net.
10:57 of 1st period - Kris Letang is hit by Matt Kinch and loses puck.
11:20 of 1st period - Shot by Alex Burrows.
11:20 of 1st period - Shot Misses the Net.
11:22 of 1st period - Shot by Jack Hillen.
11:22 of 1st period - Deflect By Joe Thornton.
11:22 of 1st period - Goal by Joe Thornton - Oilers : 2 - Flames : 0.
11:23 of 1st period - Vincent Lecavalier wins face-off versus Aleksander Barkov in neutral zone.
11:51 of 1st period - Mark Scheifele is hit by Cody Ceci.
11:59 of 1st period - Shot by Mark Scheifele.
11:59 of 1st period - Shot Misses the Net.
12:02 of 1st period - Aleksander Barkov is hit by Cody Ceci and loses puck.
12:14 of 1st period - Off-side.
12:15 of 1st period - Jonathan Toews wins face-off versus Joe Thornton in neutral zone.
12:24 of 1st period - Shot by Gilbert Brule.
12:24 of 1st period - Stopped by Ben Bishop without a rebound.
12:25 of 1st period - Alexander Steen wins face-off versus Joe Thornton in Oilers zone.
12:26 of 1st period - Shot by Jonathan Toews.
12:26 of 1st period - Deflect By Gilbert Brule.
12:26 of 1st period - Shot Misses the Net.
12:35 of 1st period - Tim Connolly is hit by Jacob Trouba and loses puck.
12:50 of 1st period - Shot by Jonathan Toews.
12:50 of 1st period - Goal by Jonathan Toews - Oilers : 2 - Flames : 1.
12:51 of 1st period - Brad Richards wins face-off versus Jori Lehtera in neutral zone.
13:23 of 1st period - Shot by Brad Richards.
13:23 of 1st period - Stopped by Ben Bishop without a rebound.
13:24 of 1st period - Joe Thornton wins face-off versus Aleksander Barkov in Oilers zone.
13:24 of 1st period - Joe Thornton is hit by Mike Green.
13:41 of 1st period - Minor Penalty to Derek Stepan for Interference.
13:41 of 1st period - Minor Penalty to Alex Burrows for Interference.
13:42 of 1st period - Eric Fehr wins face-off versus Alexander Steen in neutral zone.
14:01 of 1st period - Shot by Justin Abdelkader.
14:01 of 1st period - Deflect By Eric Fehr.
14:01 of 1st period - Shot Misses the Net.
14:03 of 1st period - Shot by Eric Fehr.
14:03 of 1st period - Stopped by Braden Holtby without a rebound.
14:04 of 1st period - Jonathan Toews wins face-off versus Jori Lehtera in Flames zone.
14:39 of 1st period - Icing by Cody Ceci.
14:40 of 1st period - Alexander Steen wins face-off versus Jori Lehtera in Oilers zone.
14:53 of 1st period - Shot by Scott Glennie.
14:53 of 1st period - Stopped by Braden Holtby without a rebound.
14:54 of 1st period - Alexander Steen wins face-off versus Eric Fehr in Flames zone.
15:00 of 1st period - Evgeni Malkin is hit by Matt Kinch.
15:25 of 1st period - Shot by Matt Kinch.
15:25 of 1st period - Shot Misses the Net.
15:27 of 1st period - Shot by Matt Kinch.
15:27 of 1st period - Stopped by Braden Holtby without a rebound.
15:28 of 1st period - Jonathan Toews wins face-off versus Jori Lehtera in Flames zone.
15:40 of 1st period - Tom Gilbert is hit by Kris Letang and loses puck.
16:15 of 1st period - Shot by Derek Stepan.
16:15 of 1st period - Stopped by Ben Bishop without a rebound.
16:16 of 1st period - Joe Thornton wins face-off versus Jonathan Toews in Oilers zone.
16:22 of 1st period - Alex Burrows is hit by Kris Letang and loses puck.
17:31 of 1st period - Daniel Sedin is hit by Derek Stepan and loses puck.
17:52 of 1st period - Shot by Vincent Lecavalier.
17:52 of 1st period - Shot Blocked by Mark Scheifele.
18:18 of 1st period - Shot by Justin Abdelkader.
18:18 of 1st period - Deflect By Scott Glennie.
18:18 of 1st period - Shot Misses the Net.
18:20 of 1st period - Shot by Andrej Sekera.
18:20 of 1st period - Goal by Andrej Sekera - Oilers : 3 - Flames : 1.
18:21 of 1st period - Jori Lehtera wins face-off versus Evgeni Malkin in neutral zone.
18:33 of 1st period - Shot by Mark Arcobello.
18:33 of 1st period - Stopped by Braden Holtby without a rebound.
18:34 of 1st period - Eric Fehr wins face-off versus Jonathan Toews in Flames zone.
19:41 of 1st period - Shot by Brad Richards.
19:41 of 1st period - Shot Misses the Net.
Goals for this period are 3 for Oilers vs 1 for Flames.
Shots for this period are 10 for Oilers vs 11 for Flames.

2nd period


0:01 of 2nd period - Joe Thornton wins face-off versus Evgeni Malkin in neutral zone.
0:23 of 2nd period - Shot by Joe Thornton.
0:23 of 2nd period - Shot Misses the Net.
0:31 of 2nd period - Shot by Tim Connolly.
0:31 of 2nd period - Shot Misses the Net.
0:37 of 2nd period - Shot by Evgeni Malkin.
0:37 of 2nd period - Shot Misses the Net.
0:39 of 2nd period - Shot by Joe Pavelski.
0:39 of 2nd period - Stopped by Ben Bishop with a rebound.
0:41 of 2nd period - Shot by Joe Pavelski.
0:41 of 2nd period - Stopped by Ben Bishop with a rebound.
1:04 of 2nd period - Minor Penalty to Marian Hossa for Holding.
1:05 of 2nd period - Jori Lehtera wins face-off versus Jonathan Toews in Oilers zone.
1:05 of 2nd period - Jori Lehtera is hit by Mark Scheifele.
1:18 of 2nd period - Jonathan Toews is hit by Cody Ceci and loses puck.
1:26 of 2nd period - Alexander Steen is hit by Cody Ceci and loses puck.
1:51 of 2nd period - Shot by Jonathan Toews.
1:51 of 2nd period - Shot Misses the Net.
2:09 of 2nd period - Shot by Oliver Ekman-Larsson.
2:09 of 2nd period - Shot Blocked by Andrej Sekera.
2:23 of 2nd period - Shot by Alex Pietrangelo.
2:23 of 2nd period - Shot Misses the Net.
2:25 of 2nd period - Shot by Evgeni Malkin.
2:25 of 2nd period - Stopped by Ben Bishop with a rebound.
2:27 of 2nd period - Shot by Joe Pavelski.
2:27 of 2nd period - Stopped by Ben Bishop without a rebound.
2:28 of 2nd period - Eric Fehr wins face-off versus Mark Scheifele in Oilers zone.
2:39 of 2nd period - Jonathan Toews is hit by Mike Hoffman and loses puck.
2:50 of 2nd period - Shot by Jonathan Toews.
2:50 of 2nd period - Shot Misses the Net.
3:08 of 2nd period - Shot by Brad Richards.
3:08 of 2nd period - Goal by Brad Richards - Oilers : 3 - Flames : 2.
3:09 of 2nd period - Brad Richards wins face-off versus Vincent Lecavalier in neutral zone.
3:18 of 2nd period - Shot by Brad Richards.
3:18 of 2nd period - Goal by Brad Richards - Oilers : 3 - Flames : 3.
3:19 of 2nd period - Aleksander Barkov wins face-off versus Joe Thornton in neutral zone.
3:29 of 2nd period - Minor Penalty to Cody Ceci for Holding.
3:30 of 2nd period - Jori Lehtera wins face-off versus Evgeni Malkin in Oilers zone.
3:30 of 2nd period - Jori Lehtera is hit by Evgeni Malkin.
4:00 of 2nd period - Shot by Evgeni Malkin.
4:00 of 2nd period - Stopped by Ben Bishop without a rebound.
4:01 of 2nd period - Eric Fehr wins face-off versus Jonathan Toews in Oilers zone.
4:01 of 2nd period - Eric Fehr is hit by Mark Scheifele.
4:35 of 2nd period - Shot by Jonathan Toews.
4:35 of 2nd period - Shot Misses the Net.
5:07 of 2nd period - Shot by Brad Richards.
5:07 of 2nd period - Stopped by Ben Bishop with a rebound.
5:09 of 2nd period - Shot by Alex Pietrangelo.
5:09 of 2nd period - Stopped by Ben Bishop without a rebound.
5:10 of 2nd period - Evgeni Malkin wins face-off versus Jori Lehtera in Oilers zone.
5:45 of 2nd period - Shot by Aleksander Barkov.
5:45 of 2nd period - Shot Misses the Net.
5:57 of 2nd period - Shot by Daniel Sedin.
5:57 of 2nd period - Shot Blocked by Adam Larsson.
6:03 of 2nd period - Shot by Vincent Lecavalier.
6:03 of 2nd period - Stopped by Braden Holtby without a rebound.
6:04 of 2nd period - Joe Thornton wins face-off versus Brad Richards in Flames zone.
6:05 of 2nd period - Shot by Tim Connolly.
6:05 of 2nd period - Stopped by Braden Holtby without a rebound.
6:06 of 2nd period - Jonathan Toews wins face-off versus Joe Thornton in Flames zone.
6:16 of 2nd period - Icing by Jack Hillen.
6:17 of 2nd period - Joe Thornton wins face-off versus Brad Richards in Oilers zone.
6:24 of 2nd period - Shot by Tim Connolly.
6:24 of 2nd period - Shot Blocked by Kris Letang.
6:28 of 2nd period - Shot by Tim Connolly.
6:28 of 2nd period - Stopped by Braden Holtby without a rebound.
6:29 of 2nd period - Jonathan Toews wins face-off versus Vincent Lecavalier in Flames zone.
6:31 of 2nd period - Minor Penalty to Marian Hossa for Elbowing.
6:32 of 2nd period - Eric Fehr wins face-off versus Evgeni Malkin in Oilers zone.
6:38 of 2nd period - Icing by Oliver Ekman-Larsson.
6:39 of 2nd period - Eric Fehr wins face-off versus Evgeni Malkin in Flames zone.
6:40 of 2nd period - Shot by Andrej Sekera.
6:40 of 2nd period - Shot Misses the Net.
6:43 of 2nd period - Icing by Oliver Ekman-Larsson.
6:44 of 2nd period - Evgeni Malkin wins face-off versus Jori Lehtera in Flames zone.
6:46 of 2nd period - Icing by Joe Pavelski.
6:47 of 2nd period - Eric Fehr wins face-off versus Evgeni Malkin in Flames zone.
7:33 of 2nd period - Shot by Alex Pietrangelo.
7:33 of 2nd period - Shot Misses the Net.
7:53 of 2nd period - Shot by Scott Glennie.
7:53 of 2nd period - Shot Blocked by Mike Green.
7:55 of 2nd period - Shot by Tom Gilbert.
7:55 of 2nd period - Stopped by Braden Holtby without a rebound.
7:56 of 2nd period - Eric Fehr wins face-off versus Jonathan Toews in Flames zone.
8:34 of 2nd period - Shot by Daniel Sedin.
8:34 of 2nd period - Shot Misses the Net.
8:36 of 2nd period - Shot by Andrej Sekera.
8:36 of 2nd period - Stopped by Braden Holtby without a rebound.
8:37 of 2nd period - Brad Richards wins face-off versus Vincent Lecavalier in Flames zone.
8:52 of 2nd period - Shot by Alex Pietrangelo.
8:52 of 2nd period - Shot Blocked by Marian Hossa.
8:54 of 2nd period - Shot by Evgeni Malkin.
8:54 of 2nd period - Deflect By Brad Richards.
8:54 of 2nd period - Shot Misses the Net.
8:56 of 2nd period - Shot by Oliver Ekman-Larsson.
8:56 of 2nd period - Shot Misses the Net.
9:13 of 2nd period - Shot by Vincent Lecavalier.
9:13 of 2nd period - Stopped by Braden Holtby without a rebound.
9:14 of 2nd period - Jonathan Toews wins face-off versus Joe Thornton in Flames zone.
9:14 of 2nd period - Jonathan Toews is hit by Alex Burrows.
9:21 of 2nd period - Icing by Adam Larsson.
9:22 of 2nd period - Joe Thornton wins face-off versus Jonathan Toews in Flames zone.
9:39 of 2nd period - Shot by Jonathan Toews.
9:39 of 2nd period - Shot Blocked by Alex Burrows.
9:41 of 2nd period - Shot by Adam Larsson.
9:41 of 2nd period - Stopped by Ben Bishop without a rebound.
9:42 of 2nd period - Aleksander Barkov wins face-off versus Vincent Lecavalier in Oilers zone.
9:43 of 2nd period - Shot by Derek Stepan.
9:43 of 2nd period - Shot Misses the Net.
9:57 of 2nd period - Shot by Mark Scheifele.
9:57 of 2nd period - Deflect By Aleksander Barkov.
9:57 of 2nd period - Shot Misses the Net.
10:19 of 2nd period - Shot by Mark Scheifele.
10:19 of 2nd period - Stopped by Ben Bishop with a rebound.
10:21 of 2nd period - Shot by Aleksander Barkov.
10:21 of 2nd period - Shot Misses the Net.
10:23 of 2nd period - Shot by Mark Scheifele.
10:23 of 2nd period - Shot Misses the Net.
10:57 of 2nd period - Shot by Alexander Steen.
10:57 of 2nd period - Stopped by Ben Bishop with a rebound.
11:44 of 2nd period - Off-side.
11:45 of 2nd period - Mark Scheifele wins face-off versus Jori Lehtera in neutral zone.
12:08 of 2nd period - Shot by Mark Scheifele.
12:08 of 2nd period - Shot Blocked by Matt Kinch.
12:10 of 2nd period - Shot by Mike Green.
12:10 of 2nd period - Deflect By Patrik Laine.
12:10 of 2nd period - Shot Blocked by Matt Kinch.
12:12 of 2nd period - Shot by Mark Scheifele.
12:12 of 2nd period - Shot Misses the Net.
12:46 of 2nd period - Shot by Scott Glennie.
12:46 of 2nd period - Shot Misses the Net.
12:48 of 2nd period - Shot by Justin Abdelkader.
12:48 of 2nd period - Stopped by Braden Holtby without a rebound.
12:49 of 2nd period - Eric Fehr wins face-off versus Jonathan Toews in Flames zone.
13:09 of 2nd period - Shot by Eric Fehr.
13:09 of 2nd period - Stopped by Braden Holtby without a rebound.
13:10 of 2nd period - Alex Burrows wins face-off versus Brad Richards in Flames zone.
13:12 of 2nd period - Joe Thornton is hit by Adam Larsson and loses puck.
13:19 of 2nd period - Andrej Sekera is hit by Evgeni Malkin and loses puck.
13:26 of 2nd period - Shot by Evgeni Malkin.
13:26 of 2nd period - Stopped by Ben Bishop without a rebound.
13:27 of 2nd period - Jonathan Toews wins face-off versus Marian Hossa in Oilers zone.
13:47 of 2nd period - Daniel Sedin is hit by Kris Letang and loses puck.
14:03 of 2nd period - Icing by Cody Ceci.
14:04 of 2nd period - Marian Hossa wins face-off versus Aleksander Barkov in Oilers zone.
14:14 of 2nd period - Vincent Lecavalier is hit by Adam Larsson and loses puck.
14:30 of 2nd period - Icing by Mark Scheifele.
14:31 of 2nd period - Joe Thornton wins face-off versus Aleksander Barkov in Flames zone.
14:31 of 2nd period - Andrej Sekera is hit by Adam Larsson and loses puck.
14:40 of 2nd period - Shot by Tim Connolly.
14:40 of 2nd period - Stopped by Braden Holtby without a rebound.
14:41 of 2nd period - Eric Fehr wins face-off versus Brad Richards in Flames zone.
14:54 of 2nd period - Shot by Scott Glennie.
14:54 of 2nd period - Stopped by Braden Holtby without a rebound.
14:55 of 2nd period - Joe Thornton wins face-off versus Jonathan Toews in Flames zone.
15:06 of 2nd period - Icing by Brian Sipotz.
15:07 of 2nd period - Aleksander Barkov wins face-off versus Joe Thornton in Oilers zone.
15:07 of 2nd period - Derek Stepan is hit by Brian Sipotz and loses puck.
15:13 of 2nd period - Derek Stepan is hit by Brian Sipotz and loses puck.
15:16 of 2nd period - Shot by Aleksander Barkov.
15:16 of 2nd period - Shot Blocked by Andrej Sekera.
15:18 of 2nd period - Shot by Aleksander Barkov.
15:18 of 2nd period - Shot Misses the Net.
15:20 of 2nd period - Shot by Mark Scheifele.
15:20 of 2nd period - Shot Blocked by Brian Sipotz.
15:22 of 2nd period - Shot by Kris Letang.
15:22 of 2nd period - Shot Misses the Net.
15:24 of 2nd period - Shot by Derek Stepan.
15:24 of 2nd period - Shot Hit the Post.
15:26 of 2nd period - Shot by Mike Green.
15:26 of 2nd period - Stopped by Ben Bishop without a rebound.
15:27 of 2nd period - Eric Fehr wins face-off versus Brad Richards in Oilers zone.
15:35 of 2nd period - Icing by Tom Gilbert.
15:36 of 2nd period - Eric Fehr wins face-off versus Gilbert Brule in Oilers zone.
15:38 of 2nd period - Icing by Justin Abdelkader.
15:39 of 2nd period - Jonathan Toews wins face-off versus Eric Fehr in Oilers zone.
15:46 of 2nd period - Shot by Justin Abdelkader.
15:46 of 2nd period - Deflect By Scott Glennie.
15:46 of 2nd period - Shot Misses the Net.
15:57 of 2nd period - Icing by Kris Letang.
15:58 of 2nd period - Joe Thornton wins face-off versus Jonathan Toews in Flames zone.
15:58 of 2nd period - Joe Thornton is hit by Kris Letang.
16:18 of 2nd period - Shot by Tim Connolly.
16:18 of 2nd period - Shot Misses the Net.
16:22 of 2nd period - Shot by Tim Connolly.
16:22 of 2nd period - Stopped by Braden Holtby without a rebound.
16:23 of 2nd period - Vincent Lecavalier wins face-off versus Brad Richards in Flames zone.
16:31 of 2nd period - Icing by Oliver Ekman-Larsson.
16:32 of 2nd period - Brad Richards wins face-off versus Eric Fehr in Flames zone.
16:32 of 2nd period - Brad Richards is hit by Eric Fehr.
16:50 of 2nd period - Off-side.
16:51 of 2nd period - Vincent Lecavalier wins face-off versus Aleksander Barkov in neutral zone.
16:53 of 2nd period - Off-side.
16:54 of 2nd period - Joe Thornton wins face-off versus Mark Scheifele in neutral zone.
17:17 of 2nd period - Shot by Aleksander Barkov.
17:17 of 2nd period - Shot Misses the Net.
17:19 of 2nd period - Shot by Mark Scheifele.
17:19 of 2nd period - Shot Misses the Net.
17:21 of 2nd period - Shot by Jacob Trouba.
17:21 of 2nd period - Stopped by Ben Bishop without a rebound.
17:22 of 2nd period - Brad Richards wins face-off versus Vincent Lecavalier in Oilers zone.
17:22 of 2nd period - Oliver Ekman-Larsson is hit by Brian Sipotz and loses puck.
17:28 of 2nd period - Joe Pavelski is hit by Brian Sipotz and loses puck.
18:26 of 2nd period - Minor Penalty to Brian Sipotz for Hooking.
18:27 of 2nd period - Eric Fehr wins face-off versus Jonathan Toews in Oilers zone.
18:45 of 2nd period - Minor Penalty to Cody Ceci for Interference.
18:46 of 2nd period - Jonathan Toews wins face-off versus Eric Fehr in Oilers zone.
18:59 of 2nd period - Shot by Jonathan Toews.
18:59 of 2nd period - Shot Blocked by Matt Kinch.
19:01 of 2nd period - Shot by Jonathan Toews.
19:01 of 2nd period - Stopped by Ben Bishop without a rebound.
19:02 of 2nd period - Evgeni Malkin wins face-off versus Jori Lehtera in Oilers zone.
19:11 of 2nd period - Shot by Alex Pietrangelo.
19:11 of 2nd period - Stopped by Ben Bishop without a rebound.
19:12 of 2nd period - Eric Fehr wins face-off versus Brad Richards in Oilers zone.
19:39 of 2nd period - Shot by Alex Pietrangelo.
19:39 of 2nd period - Shot Misses the Net.
19:59 of 2nd period - Shot by Alex Pietrangelo.
19:59 of 2nd period - Shot Misses the Net.
Goals for this period are 0 for Oilers vs 2 for Flames.
Shots for this period are 11 for Oilers vs 17 for Flames.

3rd period


0:01 of 3rd period - Eric Fehr wins face-off versus Joe Pavelski in neutral zone.
0:06 of 3rd period - Shot by Eric Fehr.
0:06 of 3rd period - Stopped by Braden Holtby without a rebound.
0:07 of 3rd period - Eric Fehr wins face-off versus Evgeni Malkin in Flames zone.
0:54 of 3rd period - Shot by Joe Thornton.
0:54 of 3rd period - Shot Misses the Net.
0:56 of 3rd period - Shot by Alex Burrows.
0:56 of 3rd period - Stopped by Braden Holtby with a rebound.
0:58 of 3rd period - Shot by Andrej Sekera.
0:58 of 3rd period - Stopped by Braden Holtby without a rebound.
0:59 of 3rd period - Jonathan Toews wins face-off versus Eric Fehr in Flames zone.
1:05 of 3rd period - Icing by Oliver Ekman-Larsson.
1:06 of 3rd period - Eric Fehr wins face-off versus Jonathan Toews in Flames zone.
1:30 of 3rd period - Off-side.
1:31 of 3rd period - Aleksander Barkov wins face-off versus Joe Thornton in neutral zone.
2:45 of 3rd period - Icing by Matt Kinch.
2:46 of 3rd period - Jonathan Toews wins face-off versus Eric Fehr in Oilers zone.
2:47 of 3rd period - Shot by Gilbert Brule.
2:47 of 3rd period - Shot Blocked by Jack Hillen.
2:53 of 3rd period - Alex Pietrangelo is hit by Scott Glennie and loses puck.
3:43 of 3rd period - Marian Hossa is hit by Oliver Ekman-Larsson and loses puck.
3:57 of 3rd period - Daniel Sedin is hit by Oliver Ekman-Larsson.
4:00 of 3rd period - Vincent Lecavalier is hit by Oliver Ekman-Larsson and loses puck.
4:15 of 3rd period - Shot by Marian Hossa.
4:15 of 3rd period - Stopped by Braden Holtby without a rebound.
4:16 of 3rd period - Joe Thornton wins face-off versus Brad Richards in Flames zone.
4:20 of 3rd period - Icing by Adam Larsson.
4:21 of 3rd period - Brad Richards wins face-off versus Joe Thornton in Flames zone.
4:51 of 3rd period - Shot by Brad Richards.
4:51 of 3rd period - Stopped by Ben Bishop without a rebound.
4:52 of 3rd period - Vincent Lecavalier wins face-off versus Aleksander Barkov in Oilers zone.
5:11 of 3rd period - Shot by Vincent Lecavalier.
5:11 of 3rd period - Stopped by Braden Holtby with a rebound.
5:52 of 3rd period - Off-side.
5:53 of 3rd period - Brad Richards wins face-off versus Eric Fehr in neutral zone.
5:59 of 3rd period - Off-side.
6:00 of 3rd period - Brad Richards wins face-off versus Joe Thornton in neutral zone.
6:11 of 3rd period - Shot by Evgeni Malkin.
6:11 of 3rd period - Stopped by Ben Bishop with a rebound.
6:23 of 3rd period - Shot by Joe Thornton.
6:23 of 3rd period - Stopped by Braden Holtby without a rebound.
6:24 of 3rd period - Eric Fehr wins face-off versus Jonathan Toews in Flames zone.
6:35 of 3rd period - Shot by Scott Glennie.
6:35 of 3rd period - Deflect By Justin Abdelkader.
6:35 of 3rd period - Shot Misses the Net.
6:37 of 3rd period - Shot by Eric Fehr.
6:37 of 3rd period - Stopped by Braden Holtby without a rebound.
6:38 of 3rd period - Vincent Lecavalier wins face-off versus Aleksander Barkov in Flames zone.
6:41 of 3rd period - Shot by Daniel Sedin.
6:41 of 3rd period - Stopped by Braden Holtby without a rebound.
6:42 of 3rd period - Brad Richards wins face-off versus Vincent Lecavalier in Flames zone.
6:49 of 3rd period - Daniel Sedin is hit by Evgeni Malkin and loses puck.
6:54 of 3rd period - Shot by Evgeni Malkin.
6:54 of 3rd period - Shot Misses the Net.
6:56 of 3rd period - Shot by Evgeni Malkin.
6:56 of 3rd period - Shot Blocked by Tom Gilbert.
7:28 of 3rd period - Tom Gilbert is hit by Evgeni Malkin.
8:23 of 3rd period - Minor Penalty to Kris Letang for Holding.
8:23 of 3rd period - Minor Penalty to Marian Hossa for Hooking.
8:24 of 3rd period - Eric Fehr wins face-off versus Alexander Steen in Flames zone.
8:38 of 3rd period - Shot by Justin Abdelkader.
8:38 of 3rd period - Shot Misses the Net.
8:40 of 3rd period - Shot by Justin Abdelkader.
8:40 of 3rd period - Stopped by Braden Holtby without a rebound.
8:41 of 3rd period - Joe Pavelski wins face-off versus Jori Lehtera in Flames zone.
9:02 of 3rd period - Shot by Andrej Sekera.
9:02 of 3rd period - Shot Misses the Net.
9:04 of 3rd period - Shot by Matt Kinch.
9:04 of 3rd period - Stopped by Braden Holtby without a rebound.
9:05 of 3rd period - Eric Fehr wins face-off versus Alexander Steen in Flames zone.
9:24 of 3rd period - Shot by Eric Fehr.
9:24 of 3rd period - Shot Blocked by Mike Green.
9:26 of 3rd period - Shot by Andrej Sekera.
9:26 of 3rd period - Stopped by Braden Holtby without a rebound.
9:27 of 3rd period - Jori Lehtera wins face-off versus Jonathan Toews in Flames zone.
10:40 of 3rd period - Shot by Joe Thornton.
10:40 of 3rd period - Stopped by Braden Holtby without a rebound.
10:41 of 3rd period - Vincent Lecavalier wins face-off versus Aleksander Barkov in Flames zone.
10:41 of 3rd period - Vincent Lecavalier is hit by Adam Larsson.
10:45 of 3rd period - Shot by Daniel Sedin.
10:45 of 3rd period - Shot Misses the Net.
10:48 of 3rd period - Daniel Sedin is hit by Adam Larsson and loses puck.
10:51 of 3rd period - Shot by Marian Hossa.
10:51 of 3rd period - Stopped by Braden Holtby without a rebound.
10:52 of 3rd period - Joe Thornton wins face-off versus Jonathan Toews in Flames zone.
11:11 of 3rd period - Shot by Alexander Steen.
11:11 of 3rd period - Shot Misses the Net.
11:13 of 3rd period - Shot by Mike Green.
11:13 of 3rd period - Shot Blocked by Tom Gilbert.
11:15 of 3rd period - Shot by Mike Green.
11:15 of 3rd period - Shot Blocked by Joe Thornton.
11:17 of 3rd period - Shot by Mike Green.
11:17 of 3rd period - Stopped by Ben Bishop without a rebound.
11:18 of 3rd period - Vincent Lecavalier wins face-off versus Aleksander Barkov in Oilers zone.
12:26 of 3rd period - Off-side.
12:27 of 3rd period - Jonathan Toews wins face-off versus Eric Fehr in neutral zone.
12:33 of 3rd period - Off-side.
12:34 of 3rd period - Jonathan Toews wins face-off versus Eric Fehr in neutral zone.
12:39 of 3rd period - Shot by Alexander Steen.
12:39 of 3rd period - Shot Misses the Net.
12:47 of 3rd period - Icing by Justin Abdelkader.
12:48 of 3rd period - Brad Richards wins face-off versus Eric Fehr in Oilers zone.
12:48 of 3rd period - Mike Green is hit by Cody Ceci and loses puck.
13:37 of 3rd period - Off-side.
13:38 of 3rd period - Jonathan Toews wins face-off versus Joe Thornton in neutral zone.
13:51 of 3rd period - Shot by Jonathan Toews.
13:51 of 3rd period - Stopped by Ben Bishop without a rebound.
13:52 of 3rd period - Vincent Lecavalier wins face-off versus Aleksander Barkov in Oilers zone.
14:02 of 3rd period - Off-side.
14:03 of 3rd period - Joe Thornton wins face-off versus Jonathan Toews in neutral zone.
14:14 of 3rd period - Shot by Alex Pietrangelo.
14:14 of 3rd period - Goal by Alex Pietrangelo - Oilers : 3 - Flames : 4.
14:15 of 3rd period - Aleksander Barkov wins face-off versus Vincent Lecavalier in neutral zone.
14:15 of 3rd period - Aleksander Barkov is hit by Marian Hossa.
14:31 of 3rd period - Shot by Derek Stepan.
14:31 of 3rd period - Deflect By Aleksander Barkov.
14:31 of 3rd period - Stopped by Ben Bishop with a rebound.
14:39 of 3rd period - Shot by Mark Scheifele.
14:39 of 3rd period - Shot Misses the Net.
14:41 of 3rd period - Shot by Derek Stepan.
14:41 of 3rd period - Shot Misses the Net.
14:51 of 3rd period - Shot by Aleksander Barkov.
14:51 of 3rd period - Shot Misses the Net.
14:53 of 3rd period - Shot by Mark Scheifele.
14:53 of 3rd period - Goal by Mark Scheifele - Oilers : 3 - Flames : 5.
14:54 of 3rd period - Joe Thornton wins face-off versus Jonathan Toews in neutral zone.
14:54 of 3rd period - Joe Thornton is hit by Jonathan Toews.
15:55 of 3rd period - Minor Penalty to Alex Pietrangelo for Interference.
15:56 of 3rd period - Derek Stepan wins face-off versus Vincent Lecavalier in Flames zone.
16:35 of 3rd period - Shot by Vincent Lecavalier.
16:35 of 3rd period - Deflect By Marian Hossa.
16:35 of 3rd period - Stopped by Braden Holtby with a rebound.
16:37 of 3rd period - Shot by Marian Hossa.
16:37 of 3rd period - Stopped by Braden Holtby with a rebound.
17:01 of 3rd period - Shot by Matt Kinch.
17:01 of 3rd period - Stopped by Braden Holtby without a rebound.
17:02 of 3rd period - Aleksander Barkov wins face-off versus Joe Thornton in Flames zone.
17:23 of 3rd period - Shot by Tim Connolly.
17:23 of 3rd period - Shot Misses the Net.
17:25 of 3rd period - Shot by Alex Burrows.
17:25 of 3rd period - Shot Misses the Net.
17:27 of 3rd period - Shot by Tim Connolly.
17:27 of 3rd period - Shot Misses the Net.
18:21 of 3rd period - Shot by Justin Abdelkader.
18:21 of 3rd period - Goal by Justin Abdelkader - Oilers : 4 - Flames : 5.
18:22 of 3rd period - Jori Lehtera wins face-off versus Aleksander Barkov in neutral zone.
19:34 of 3rd period - Oilers, Ben Bishop is pulled from the net.
19:54 of 3rd period - Shot by Cody Ceci.
19:54 of 3rd period - Shot Blocked by Alex Pietrangelo.
Goals for this period are 1 for Oilers vs 2 for Flames.
Shots for this period are 17 for Oilers vs 7 for Flames.